 Dungeon Crawl Stone Soup version 0.17-a0-1442-g10bb59b (webtiles) character file.

2805 panicbit the Cleaver (level 9, 0/78 (79) HPs)
             Began as a Minotaur Fighter on June 28, 2015.
             Was an Initiate of Okawaru.
             Killed by divine providence
             ... invoked by an orc priest
              (10 damage)
             ... on level 8 of the Dungeon.
             The game lasted 00:27:14 (6782 turns).

panicbit the Cleaver (Minotaur Fighter)             Turns: 6782, Time: 00:27:14

HP:   0/78 (79)     AC: 26    Str: 29    XL:     9   Next: 44%
MP:   8/8           EV:  7    Int:  5    God:    Okawaru [......]
Gold: 55            SH: 12    Dex: 10    Spells: 0 memorised, 8 levels left

rFire  . . .     SeeInvis .     I - +0 broad axe
rCold  . . .     Clarity  .     C - +3 plate armour
rNeg   + . .     SustAt   .     c - +0 shield
rPois  +         Gourm    .     M - +1 hat
rElec  +         Spirit   .     q - +1 cloak
rCorr  +         Warding  .     O - +2 pair of gloves of the Tortoise {rCorr}
rMut   .         Stasis   .     y - +2 pair of boots of Lies {+Inv rElec rPois MR-}
MR     .....                    Q - amulet of faith
Stlth  ..........               P - ring of wizardry
                                a - ring of positive energy

@: mighty, not resistant to hostile enchantments, extremely unstealthy
A: retaliatory headbutt, horns 2
a: Renounce Religion, Evoke Invisibility


You were on level 8 of the Dungeon.
You worshipped Okawaru.
Okawaru was noncommittal.
You were not hungry.

You visited 2 branches of the dungeon, and saw 9 of its levels.
You also visited: Sewer.

You collected 587 gold pieces.
You spent 532 gold pieces at shops.

Inventory:

Hand weapons
 I - a +0 broad axe (weapon)
Armour
 c - a +0 shield (worn)
 q - a +1 cloak (worn)
 y - the +2 pair of boots of Lies (worn) {+Inv rElec rPois MR-}
   (You found it in a sewer)

   It insulates you from electricity.
   It protects you from poison.
   It affects your resistance to hostile enchantments.
   It lets you turn invisible.
 C - a +3 plate armour (worn)
 M - a +1 hat (worn)
 O - the +2 pair of gloves of the Tortoise (worn) {rCorr}
   (You bought it in a shop on level 7 of the Dungeon)

   It protects you from acid and corrosion.
Jewellery
 a - a ring of positive energy (left hand)
 P - a ring of wizardry (right hand)
 Q - an amulet of faith (around neck)
Magical devices
 b - a wand of enslavement (11)
 t - a wand of lightning (8)
 B - a wand of flame (11)
 H - a wand of magic darts (27)
 J - a wand of disintegration (9)
 L - a wand of cold (8)
Scrolls
 f - a scroll of random uselessness {unknown}
 h - 5 scrolls of remove curse {unknown}
 j - 11 scrolls of identify {unknown}
 l - 2 scrolls of fog {unknown}
 m - 3 scrolls of enchant weapon {unknown}
 o - 2 scrolls of magic mapping {unknown}
 p - 3 scrolls of teleportation {unknown}
 x - 2 scrolls of blinking {unknown}
 E - a scroll of immolation {unknown}
 F - 2 scrolls of recharging {unknown}
 K - a scroll of silence {unknown}
 N - a scroll of fear {unknown}
 R - a scroll of brand weapon {unknown}
 V - a scroll of summoning {unknown}
Potions
 g - 2 potions of curing {unknown}
 i - 3 potions of degeneration {unknown}
 r - 4 potions of heal wounds {unknown}
 s - a potion of ambrosia {unknown}
 v - 2 potions of mutation {unknown}
 w - a potion of flight {unknown}
 z - a potion of agility {unknown}
 A - a potion of haste {unknown}
 D - 3 potions of brilliance {unknown}
 G - a potion of resistance {unknown}
 T - a potion of cancellation {unknown}
Comestibles
 e - 5 bread rations
 k - 3 beef jerkies
 n - a meat ration
 u - 11 fruits
 S - a slice of pizza
 U - 2 chunks of flesh


   Skills:
 + Level 7.5 Fighting
 + Level 9.2 Axes
 + Level 7.6 Armour
 + Level 3.2 Dodging
 + Level 0.3 Stealth
 + Level 8.7 Shields


You had 8 spell levels left.
You didn't know any spells.

Dungeon Overview and Level Annotations

Branches:
Dungeon (8/15)             Temple (1/1) D:4            Lair (0/8) D:8

Altars:
Ashenzari
Dithmenos
Elyvilon
Fedhas
Gozag
Kikubaaqudgha
Makhleb
Okawaru
Qazlal
Ru
Sif Muna
Trog
Vehumet
Xom
Yredelemnul
Zin
The Shining One

Shops:
D:7 [*[!(

Annotations:
D:4 1 runed door
D:6 asdu's ghost, experienced GrWz


Innate Abilities, Weirdness & Mutations

You reflexively headbutt those who attack you in melee.
You have a pair of horns on your head.


Message History

The orc priest is heavily wounded.
You closely miss something.
You hear some strange, mumbled words.
You feel a wave of unholy energy pass over you.
You block the orc priest's attack. Something hits you but does no damage.
The orc hits you from afar with a trident.
* * * LOW HITPOINT WARNING * * *
The orc priest mumbles some strange prayers to Beogh against you.
Pain shoots through your body!
* * * LOW HITPOINT WARNING * * *
You hit the orc priest.
The orc priest is severely wounded.
You closely miss something. Something hits you but does no damage.
Something hits you but does no damage. You block the orc's attack.
The orc priest hits you but does no damage.
Drink which item? (? for menu, Esc to quit)
You feel very mighty all of a sudden.
The orc priest mumbles some strange prayers to Beogh against you.
Something smites you!
You die...

. ###..#[.........#
..####.....)#(.......#
(......###.((.#......##
........(.............#####
...........................
..##.#####..###...#####....
#.#####..# ##### #....
#......(.# #.... .....?.@.#
##... ......o.S# ##..
.......o.# #.# .........#
#.# #........# #..
.......... #.>. #.......>#
#... #......... #.... #....


You could see an orc priest, an adder and an orc.

Vanquished Creatures
  The ghost of asdu the Sneak, an experienced VSWr of Okawaru (D:7)
  Prince Ribbit (D:7)
  Duvessa (D:7)
  A phantom (D:5)
  A necrophage (D:6)
  2 orc warriors
  3 ogres
  3 giant frogs
  2 scorpions
  Dowan (D:7)
  5 killer bees (D:8)
  A crimson imp (D:6)
  2 hounds
  An iguana (D:5)
  7 orc wizards
  4 orc priests
  5 worker ants
  Natasha (D:2)
  2 centaur skeletons
  A hound zombie (D:6)
  A worker ant zombie (D:5)
  15 adders
  14 oozes
  An adder zombie (D:5)
  2 worms
  15 giant geckos
  29 orcs
  A bat skeleton (D:5)
  14 hobgoblins
  4 jackals
  2 quokkas
  16 ball pythons
  14 bats
  23 giant cockroaches
  16 giant newts
  19 goblins
  A jackal skeleton (D:3)
  7 kobolds
  13 rats
252 creatures vanquished.

Notes
Turn   | Place    | Note
--------------------------------------------------------------
     0 | D:1      | panicbit the Minotaur Fighter began the quest for the Orb.
     0 | D:1      | Reached XP level 1. HP: 19/19 MP: 0/0
   110 | D:1      | Reached XP level 2. HP: 27/27 MP: 1/1
   145 | D:1      | Reached skill level 4 in Fighting
   656 | D:1      | Reached XP level 3. HP: 33/33 MP: 2/2
  1357 | D:2      | Noticed Natasha
  1360 | D:2      | Killed Natasha
  1360 | D:2      | Reached XP level 4. HP: 39/41 MP: 3/3
  1798 | D:3      | Found a shattered altar of Ashenzari.
  2017 | D:3      | Found a glowing drain.
  2056 | D:3      | Reached XP level 5. HP: 37/47 MP: 4/4
  2058 | Sewer    | Entered a sewer
  2067 | Sewer    | Reached skill level 5 in Armour
  2151 | Sewer    | Reached skill level 1 in Dodging
  2473 | Sewer    | Reached XP level 6. HP: 53/55 MP: 5/5
  2507 | Sewer    | Reached skill level 5 in Fighting
  2512 | Sewer    | Reached skill level 5 in Shields
  2534 | Sewer    | Got a pair of distressingly furry boots
  2540 | Sewer    | Identified the +2 pair of boots of Lies {+Inv rElec rPois MR-} (You found it in a sewer)
  2878 | D:4      | Found a radiant altar of Vehumet.
  2895 | D:4      | Reached skill level 5 in Axes
  3066 | D:4      | Reached XP level 7. HP: 61/61 MP: 6/6
  3234 | D:4      | Found a glowing silver altar of Zin.
  3245 | D:4      | Found a glowing golden altar of the Shining One.
  3245 | D:4      | Noticed an angel
  3246 | D:4      | Found a runed door.
  3446 | D:4      | Found a staircase to the Ecumenical Temple.
  3453 | Temple   | Entered the Ecumenical Temple
  3776 | D:5      | Entered Level 5 of the Dungeon
  3785 | D:5      | Found a white marble altar of Elyvilon.
  3785 | D:5      | Found a glowing golden altar of the Shining One.
  3900 | D:5      | Reached skill level 6 in Armour
  4559 | D:5      | Found a burning altar of Makhleb.
  4566 | D:5      | Reached XP level 8. HP: 67/70 MP: 7/7
  4657 | D:6      | Found a sacrificial altar of Ru.
  4657 | D:6      | Found a shimmering altar of Xom.
  4664 | D:6      | Found a shadowy altar of Dithmenos.
  4700 | D:6      | Noticed asdu's ghost (experienced GrWz)
  4916 | D:6      | Reached skill level 7 in Shields
  5456 | D:7      | Found Neczarcho's Assorted Antiques.
  5468 | D:7      | Bought an embroidered hat for 84 gold pieces
  5468 | D:7      | Bought a scroll labeled ZUNLAS FAYNI for 21 gold pieces
  5468 | D:7      | Bought a scroll labeled MEOLEDW GUIXOU for 21 gold pieces
  5522 | D:7      | Reached skill level 8 in Axes
  5614 | D:7      | Found Wuturr's Armour Shoppe.
  5618 | D:7      | Bought the +2 pair of gloves of the Tortoise {rCorr} for 406 gold pieces
  5647 | D:7      | Noticed Dowan
  5661 | D:7      | Killed Dowan
  5663 | D:7      | Noticed Duvessa
  5674 | D:7      | Killed Duvessa
  5682 | D:7      | Reached XP level 9. HP: 36/78 MP: 8/8
  5762 | D:7      | Found Biedgh's Distillery.
  5844 | D:7      | Found Qaojeist's Antique Weapon Shop.
  6170 | D:7      | Noticed asdu's ghost (experienced VSWr)
  6174 | D:7      | Noticed Prince Ribbit
  6176 | D:7      | Killed asdu's ghost
  6192 | D:7      | Killed Prince Ribbit
  6354 | D:7      | Found Fegeuroe's Armour Boutique.
  6422 | D:7      | Reached skill level 9 in Axes
  6478 | D:7      | Found a bloodstained altar of Trog.
  6479 | D:7      | Found an iron altar of Okawaru.
  6494 | D:7      | Became a worshipper of Warmaster Okawaru
  6742 | D:8      | Found a staircase to the Lair.
  6782 | D:8      | Killed from afar by an orc priest

Vault maps used:
D:1:      scummos_arrival_simple_crosswalls
D:2:      uniq_natasha
D:3:      lemuel_doored_altar, portal_sewer_entry_f
D:4:      vehumet_altar_wand_db, kennysheep_mini,
          nicolae_overflow_hidden_temple, temple_green, lemuel_angel_altar
D:5:      gammafunk_temple_overflow_wave, makhleb_blood_cavern_becter,
          first_bread, kennysheep_potato
D:6:      grunt_temple_overflow_open, corexii_checkpoint_a,
          kennysheep_generic_room_10
D:7:      lemuel_upstairs_altar, grunt_temple_overflow_bloody_war, serial_shops,
          shop, shop, shop_coins, shop, nicolae_shop_stone, uniq_prince_ribbit1,
          uniq_duvessa
D:8:      lair_0_dummy
Temple:   nicolae_temple_no_exploring_needed
Sewer:    sewer_frog_island_02

Action                   |  1- 3 |  4- 6 |  7- 9 || total
-------------------------+-------+-------+-------++-------
Melee: War axe           |    82 |   210 |   175 ||   467
       Broad axe         |       |       |   155 ||   155
  Use: Potion            |       |       |     1 ||     1
  Eat: Chunk             |     2 |     6 |    12 ||    20
